 Dungeon Crawl Stone Soup version 0.18-a0-1577-gf591c28 (console) character file.

320 Liam the Magician (level 6, -5/32 HPs)
             Began as a Deep Elf Conjurer on Mar 22, 2016.
             Killed from afar by an orc wizard (12 damage)
             ... with a puff of flame
             ... on level 4 of the Dungeon.
             The game lasted 00:04:53 (2827 turns).

Liam the Magician (Deep Elf Conjurer)               Turns: 2827, Time: 00:04:53

Health: -5/32      AC:  2    Str:  5    XL:     6   Next: 22%
Magic:  3/17       EV: 13    Int: 22    God:
Gold:   170        SH:  0    Dex: 15    Spells: 3 memorised, 8 levels left

rFire  x x .     SeeInvis .     (no weapon)
rCold  + + .     Gourm    .     a - +0 robe
rNeg   . . .     Faith    .     (no shield)
rPois  .         Spirit   .     (no helmet)
rElec  .         Dismiss  .     (no cloak)
rCorr  .         Reflect  .     (no gloves)
SustAt .         Harm     .     (no boots)
MR     .....                    (no amulet)
Stlth  ++........               p - ring of ice
                                q - ring of ice

@: very slightly contaminated, not resistant to hostile enchantments, unstealthy
A: no striking features
a: no special abilities


You were on level 4 of the Dungeon.
You were not hungry.

You visited 1 branch of the dungeon, and saw 4 of its levels.

You collected 170 gold pieces.

Inventory:

Armour
 a - a +0 robe (worn)
Jewellery
 p - a ring of ice (right hand)
 q - a ring of ice (left hand)
 x - a cursed ring of teleportation {unknown}
Wands
 y - a wand of acid (8/15)
 C - a wand of flame (20/48)
Scrolls
 d - a scroll of blinking {unknown}
 e - 2 scrolls of teleportation {unknown}
 f - 4 scrolls of remove curse {unknown}
 h - 4 scrolls of recharging {unknown}
 j - 2 scrolls of identify {unknown}
 l - a scroll of amnesia {unknown}
 m - a scroll of random uselessness {unknown}
 o - a scroll of fog {unknown}
 t - a scroll of enchant armour {unknown}
Potions
 g - 2 potions of curing
 k - 2 potions of resistance {unknown}
 n - a potion of flight {unknown}
 s - a potion of haste {unknown}
 u - a potion of lignification {unknown}
 v - a potion of magic {unknown}
 w - a potion of cancellation {unknown}
 A - a potion of ambrosia {unknown}
Books
 b - a book of Conjurations

   Spells                             Type                      Level
   a - Magic Dart                     Conjuration                  1
   b - Searing Ray                    Conjuration                  2
   c - Dazzling Spray                 Conjuration/Hexes            3
   d - Fulminant Prism                Conjuration/Hexes            4
   e - Iskenderun's Mystic Blast      Conjuration                  4
   f - Iskenderun's Battlesphere      Conjuration/Charms           5
Comestibles
 c - a bread ration
 i - 3 beef jerkies
 r - 4 fruits
 z - a meat ration
 B - 2 chunks of flesh


   Skills:
 - Level 2.4 Dodging
 - Level 2.4 Stealth
 + Level 6.5 Spellcasting
 + Level 6.5 Conjurations
 + Level 1.3 Charms


You had 8 spell levels left.
You knew the following spells:

 Your Spells              Type           Power        Failure   Level  Hunger
a - Magic Dart            Conj           ####         1%          1    None
p - Iskenderun's Battles  Conj/Chrm      ###.....     50%         5    #####..
x - Iskenderun's Mystic   Conj           #####...     8%          4    ###....


Dungeon Overview and Level Annotations

Branches:
Dungeon (4/15)
 Temple: D:4-7

Altars:
Cheibriados
Ru
Zin
The Shining One


Message History

You feel sick.
You feel sick.
You feel sick.
A magic dart appears from out of thin air!
The magic dart hits you!
* * * LOW HITPOINT WARNING * * *
Drink which item? (? for menu, Esc to quit)
It was a potion of curing.
You feel better.
You hear some strange, mumbled words.
A puff of frost appears from out of thin air!
The puff of frost hits you! You resist.
You hear some strange, mumbled words.
A puff of frost appears from out of thin air!
The puff of frost hits you! You resist. Something hits you.
* * * LOW HITPOINT WARNING * * *
You hear some strange, mumbled words.
A puff of flame appears from out of thin air!
The puff of flame hits you! The fire burns you terribly!
You die...

#. ..## ..'.
..## ####
##### ..#
###.... #.#
..'....
#######.####
#....
#....o.....#
#....
#@#####.##.#
#.... #.#
#.##.###....
#.#
#.#..o.o....
#.#
#.######....
..#
#..........#
###
##########.#
#.# #.. ...


You could see an orc priest.

Vanquished Creatures
  The ghost of Liam the Conjurer, an amateur DECj (D:4)
  A crimson imp (D:4)
  4 gnolls (D:3)
  4 adders
  2 oozes (D:2)
  A worm (D:3)
  3 dart slugs
  3 giant geckos
  An orc (D:3)
  A ball python (D:2)
  6 bats
  3 giant cockroaches
  10 goblins
  10 hobgoblins
  10 jackals
  A quokka (D:2)
  A giant newt (D:2)
  A goblin skeleton (D:4)
  A goblin zombie (D:4)
  2 hobgoblin zombies (D:4)
  8 kobolds
  A kobold skeleton (D:4)
  A kobold zombie (D:4)
  An orc skeleton (D:4)
  9 rats
86 creatures vanquished.

Notes
Turn   | Place    | Note
--------------------------------------------------------------
     0 | D:1      | Liam the Deep Elf Conjurer began the quest for the Orb.
     0 | D:1      | Reached XP level 1. HP: 10/10 MP: 6/6
   193 | D:1      | Reached XP level 2. HP: 12/15 MP: 2/8
   480 | D:1      | Reached skill level 5 in Conjurations
   488 | D:1      | Reached XP level 3. HP: 19/19 MP: 2/10
   713 | D:2      | Found a snail-covered altar of Cheibriados.
   722 | D:2      | Found a sacrificial altar of Ru.
  1012 | D:2      | Reached XP level 4. HP: 24/24 MP: 4/12
  1355 | D:2      | Found a glowing silver altar of Zin.
  1417 | D:3      | Learned a level 4 spell: Iskenderun's Mystic Blast
  1498 | D:3      | Reached skill level 5 in Spellcasting
  1534 | D:3      | Reached XP level 5. HP: 21/28 MP: 1/14
  1630 | D:3      | Learned a level 5 spell: Iskenderun's Battlesphere
  2071 | D:4      | Noticed an ice beast
  2507 | D:4      | Noticed Liam's ghost (amateur DECj)
  2511 | D:4      | Killed Liam's ghost
  2511 | D:4      | Reached XP level 6. HP: 32/32 MP: 2/17
  2738 | D:4      | Found a glowing golden altar of the Shining One.
  2766 | D:4      | Reached skill level 1 in Charms
  2827 | D:4      | Killed from afar by an orc wizard

Vault maps used:
D:1:      saegor_arrival_simple_f
D:2:      nicolae_overflow_hidden_temple, lemuel_doored_altar, zin_statuary
D:4:      first_bread, nicolae_tso_besieged_by_evil, uniq_eustachio

Skill      XL: |  1  2  3  4  5  6 |
---------------+-------------------+-----
Conjurations   | 5 6 |  6.5
Spellcasting   | 4 5 6 |  6.5
Charms         | 1 |  1.3
Dodging        | |  2.4
Stealth        | |  2.4

Action                   |  1- 3 |  4- 6 || total
-------------------------+-------+-------++-------
Melee: Unarmed           |       |    15 ||    15
 Cast: Magic Dart        |    81 |   114 ||   195
       Iskenderun's Myst |       |     6 ||     6
  Use: Potion            |       |     1 ||     1
  Eat: Chunk             |       |     3 ||     3
       Fruit             |       |     2 ||     2
       Bread ration      |       |     1 ||     1
